 Dungeon Crawl Stone Soup version 0.28-a0-1190-g77e1c55843 (webtiles) character file.

Game seed: 2835361872120632970

1 chunkyMonkey the Sneak (level 1, -1/9 HPs)
             Began as a Vine Stalker Enchanter on Dec 18, 2021.
             Slain by an adder (2 damage)
             ... on level 2 of the Dungeon.
             The game lasted 00:01:16 (93 turns).

chunkyMonkey the Sneak (Vine Stalker Enchanter)       Turns: 93, Time: 00:01:16

Health: -1/9       AC:  2    Str: 10    XL:     1   Next: 20%
Magic:  0/4        EV: 12    Int: 15    God:
Gold:   0          SH:  0    Dex: 14    Spells: 4/4 levels left

rFire   . . .      SeeInvis .   a - +1 dagger
rCold   . . .      Faith    .   (no shield)
rNeg    . . .      Spirit   +   b - +0 robe
rPois   .          Reflect  .   (no helmet)
rElec   .          Harm     .   (no cloak)
rCorr   .          Rampage  .   (no gloves)
Will    .....                   (no boots)
Stlth   ++........              (no amulet)
HPRegen 0.03/turn               (no ring)
MPRegen 0.09/turn               (no ring)

@: no status effects
A: fangs 2, magic shield, antimagic bite, no potion heal 2
a: no special abilities


You were on level 2 of the Dungeon.
You visited 1 branch of the dungeon, and saw 2 of its levels.

Inventory:

Hand Weapons
 a - a +1 dagger (weapon)
Armour
 b - a +0 robe (worn)
Potions
 c - a potion of invisibility


   Skills:
 * Level 0.0 Fighting
 + Level 0.8 Short Blades
 + Level 0.0 Armour
 + Level 1.5 Dodging
 + Level 3.6 Stealth
 * Level 2.2 Spellcasting
 + Level 3.0 Hexes


You had 4 spell levels left.
You didn't know any spells.
Your spell library contained the following spells:

 Spells                   Type           Power      Damage    Failure   Level
 Ensorcelled Hibernation  Hex/Ice        12%        N/A       19%         2
 Confusing Touch          Hex            10%        N/A       19%         3
 Tukima's Dance           Hex            10%        N/A       19%         3
 Dazzling Flash           Conj/Hex       12%        N/A       34%         3


Dungeon Overview and Level Annotations

Branches:
Dungeon (2/15)

Altars:


Innate Abilities, Weirdness & Mutations

You have extremely sharp teeth.
When hurt, damage is shared between your health and your magic reserves.
Your bite disrupts and absorbs the magic of your enemies.
Potions cannot restore your health.


Message History

* * * LOW HITPOINT WARNING * * *
You open the large door. The bat hits you but does no damage.
The kobold completely misses you. The bat barely misses you.
There is a large open door here.
The bat barely misses you. The bat hits you but does no damage. x2
Okay, then.
The bat hits you but does no damage. The bat hits you.
* * * LOW HITPOINT WARNING * * *
The bat hits you but does no damage.
You hit the bat.
You kill the bat!
Found a leather armour.
There is a stone staircase leading down here.
You climb downwards.
Found 22 stones.
There is a stone staircase leading up here.
The hobgoblin shouts!
You hear an angry hiss.
An adder comes into view.
The adder misses you.
You hit the adder but do no damage. The adder bites you but does no damage.
You hit the adder.
The adder is moderately wounded.
The adder bites you but does no damage.
You hit the adder but do no damage.
The adder is moderately wounded.
The adder misses you. x2
You hit the adder but do no damage.
The adder is moderately wounded.
The adder bites you.
* * * LOW HITPOINT WARNING * * *
You closely miss the adder.
The adder is moderately wounded.
The adder bites you but does no damage.
A rat comes into view.
The adder barely misses you.
Found 13 gold pieces.
The adder bites you.
You die...

#.. #..###... #.#
#..##... # #.#
#..##..# #.#.#
#..##..# #
#.#.####..##..###...
#........g.........$
###.########g.#..(..
#.########S.......
#........@........
###########.......
...r... ###.... #...
#.# .#


You could see an adder, a hobgoblin and a rat.

Vanquished Creatures
  A ball python (D:1)
  A bat (D:1)
2 creatures vanquished.

Notes
Turn   | Place    | Note
-------+----------+-------------------------------------------
     0 | D:1      | chunkyMonkey the Vine Stalker Enchanter began the quest for
                  | the Orb.
     0 | D:1      | Reached XP level 1. HP: 9/9 MP: 4/4
    93 | D:2      | Slain by an adder

Illustrated notes

Levels and vault maps discovered:
D:1:      lemuel_arrival_behind_the_door_large, layout_rooms, minmay_hexomino_u4
D:2:      layout_loops_ring, chequers_ecumenical_altar_twisty,
          minmay_diced_spiral

Action                   || total
-------------------------++-------
Melee: Dagger            ||    19
       Bite              ||     4
Armor: Robe              ||    20
Dodge: Dodged            ||    38

Table legend: (Time is in decaauts)
 A = Elapsed time spent in this place.
 B = Non-inter-level travel time spent in this place.
 C = Inter-level travel time spent in this place.
 D = Time resting spent in this place.
 E = Time spent auto-exploring this place.
 F = Levels seen in this place.
 G = Mean time per level.
                   A        B        C        D        E       F      G
               +--------+--------+--------+--------+--------+-----+--------+
         Total |     92 |     92 |      0 |      0 |     17 |   2 |   46.0 |
       Dungeon |     92 |     92 |      0 |      0 |     17 |   2 |   46.0 |
               +--------+--------+--------+--------+--------+-----+--------+

Top non-repeatable levels by time:
     D:1: 67 daAuts
     D:2: 24 daAuts
